 Dungeon Crawl Stone Soup version 0.30-a0-1164-ge08a67761e (webtiles) character file.

Game seed: 1372916409739109056

253 jimonade the Trooper (level 5, 0/42 HPs)
             Began as a Mummy Fighter on Apr 29, 2023.
             Slain by a giant cockroach (2 damage)
             ... on level 4 of the Dungeon.
             The game lasted 00:05:44 (2652 turns).

jimonade the Trooper (Mummy Fighter)                Turns: 2652, Time: 00:05:45

Health: 0/42       AC:  3    Str: 19    XL:     5   Next: 90%
Magic:  5/5        EV:  9    Int:  9    God:
Gold:   161        SH:  4    Dex: 12    Spells: 4/4 levels left

rFire   x . .        a - +0 whip
rCold   + . .        c - +0 buckler
rNeg    + + +        b - +0 scale mail
rPois   ∞            m - +0 helmet
rElec   .            d - +0 cloak
rCorr   .            (no gloves)
SInv    .            f - +1 pair of boots {Stlth+}
Will    .....        (no amulet)
Stlth   +            (no ring)
HPRegen 0.27/turn    (no ring)
MPRegen 0.09/turn

%: faith
@: corroded
A: cold resistance 1, negative energy resistance 3, torment resistance 2, heat
vulnerability 1, in touch with death 1, no potions, faith
a: no special abilities


You were on level 4 of the Dungeon.
You visited 1 branch of the dungeon, and saw 4 of its levels.

You collected 161 gold pieces.

Inventory:

Hand Weapons
 a - a +0 whip (weapon)
 i - a +0 club
 n - a +0 flail
 q - a +0 sling
Missiles
 h - 45 stones
 j - 2 poisoned darts (quivered)
Armour
 b - a +0 scale mail (worn)
 c - a +0 buckler (worn)
 d - a +0 cloak (worn)
 f - a +1 pair of boots of stealth (worn)
 m - a +0 helmet (worn)
Magical Staves
 k - a staff of poison
Wands
 o - a wand of polymorph (7)
Scrolls
 e - a scroll of fear {unknown}
 g - 2 scrolls of vulnerability {unknown}
 l - 2 scrolls of noise {unknown}
 p - a scroll of silence {unknown}
 r - a scroll of poison {unknown}
 s - a scroll of acquirement {unknown}
 t - 3 scrolls of identify {unknown}
 u - a scroll of brand weapon {unknown}


   Skills:
 + Level 3.7 Fighting
 + Level 3.2 Maces & Flails
 + Level 0.1 Throwing
 + Level 3.6 Armour
 + Level 0.9 Dodging
 + Level 3.0 Shields


You had 4 spell levels left.
You didn't know any spells.
Your spell library was empty.

Dungeon Overview and Level Annotations

Branches:
Dungeon (4/15)
 Temple: D:4-7

Altars:
Ashenzari
Fedhas

Shops:
D:4 *


Innate Abilities, Weirdness & Mutations

You are immune to poison.
Your flesh is cold resistant. (rC+)
You are immune to negative energy. (rN+++)
You are immune to unholy pain and torment.
You are vulnerable to heat. (rF-)
You are in touch with the powers of death.
You do not drink.
You have a special connection with the divine. (Faith)


Message History

You barely miss the jelly.
The jelly is almost dead.
The jelly misses you.
You hit the jelly.
Your hands burn!
* * * LOW HITPOINT WARNING * * *
The jelly is almost dead.
You block the jelly's attack.
You hit the jelly but do no damage.
Your hands burn!
* * * LOW HITPOINT WARNING * * *
The jelly is almost dead.
You block the jelly's attack.
You hit the jelly.
You kill the jelly!
The giant cockroach bites you but does no damage.
Your Shields skill increases to level 3!
You hit the giant cockroach but do no damage.
You block the giant cockroach's attack.
You closely miss the giant cockroach.
The giant cockroach bites you but does no damage.
You hit the giant cockroach but do no damage.
The giant cockroach barely misses you.
You hit the giant cockroach but do no damage.
The giant cockroach bites you.
* * * LOW HITPOINT WARNING * * *
You barely miss the giant cockroach. The giant cockroach barely misses you.
You hit the giant cockroach.
The giant cockroach is moderately wounded.
The giant cockroach bites you but does no damage.
You hit the giant cockroach.
The giant cockroach is severely wounded.
The giant cockroach bites you.
* * * LOW HITPOINT WARNING * * *
The giant cockroach closely misses you.
The giant cockroach attacks as you move away!
The giant cockroach closely misses you.
The giant cockroach attacks as you move away!
The giant cockroach bites you but does no damage.
The giant cockroach attacks as you move away!
The giant cockroach bites you.
You die...

###
#.#############
#..@BS.†......#
#.###########.#
#..######## ...
#.# #..........
..Jg. #.#
#..##......
....B.. #.#
#..##......
....... #.#
#..#.......
.......
#.#####..#.......
.......
#.#.....>........


You could see an adder and a giant cockroach.

Vanquished Creatures
  Pargi (D:3)
  A jelly (D:4)
  A hound (D:4)
  Jessica (D:2)
  2 adders
  3 endoplasms (D:1)
  A giant cockroach (D:2)
  2 goblins
  8 hobgoblins
  3 quokkas
  8 ball pythons
  3 bats
  4 frilled lizards (D:1)
  4 kobolds
  7 rats
49 creatures vanquished.

Notes
Turn   | Place    | Note
-------+----------+-------------------------------------------
     0 | D:1      | jimonade the Mummy Fighter began the quest for the Orb.
     0 | D:1      | Reached XP level 1. HP: 18/18 MP: 1/1
   445 | D:1      | Reached XP level 2. HP: 24/24 MP: 2/2
   930 | D:1      | Gained mutation: You are in touch with the powers of death.
                  | [Mummy growth]
   930 | D:1      | Reached XP level 3. HP: 29/29 MP: 3/3
  1059 | D:2      | Noticed Jessica
  1079 | D:2      | Killed Jessica
  1109 | D:2      | Found a faded altar of an unknown god.
  1284 | D:2      | Reached XP level 4. HP: 35/35 MP: 4/4
  1484 | D:3      | Found a blossoming altar of Fedhas.
  1581 | D:3      | Noticed Pargi
  1617 | D:3      | Killed Pargi
  1618 | D:3      | Reached XP level 5. HP: 8/41 MP: 5/5
  2066 | D:3      | Found a broken altar of Ashenzari.
  2500 | D:4      | Found Ea-nāṣir's Fine Metal Goods.
  2640 | D:4      | HP: 2/42 [acid (4)]
  2645 | D:4      | HP: 2/42 [giant cockroach (2)]
  2652 | D:4      | Slain by a giant cockroach

Illustrated notes

Levels and vault maps discovered:
D:1:      elethiomel_arrival_maze, layout_basic, minmay_tiny_reverse_x
D:2:      layout_basic, shapermc_ecumenical_altar_ellora, uniq_jessica
D:3:      layout_basic, nicolae_ashenzari_panopticon, old_standard_altar,
          minivault_19, amcnicky_mini_corridor_feature, uniq_pargi
D:4:      layout_basic, nicolae_ea-nasir_strikes_again

Skill      XL: |  1  2  3  4  5 |
---------------+----------------+-----
Maces & Flails | 2 3 |  3.2
Armour         | 3 |  3.6
Shields        | 3 |  3.0
Fighting       | |  3.7
Throwing       | |  0.1
Dodging        | |  0.9

Action                     |  1- 3 |  4- 6 || total
---------------------------+-------+-------++-------
  Melee: Flail             |    79 |       ||    79
         Whip              |    27 |   100 ||   127
  Throw: Dart              |       |     2 ||     2
   Stab: Sleeping          |     1 |       ||     1
 Armour: Scale mail        |    48 |    66 ||   114
  Dodge: Dodged            |    51 |    54 ||   105
  Block: Buckler           |    26 |    26 ||    52

Table legend: (Time is in decaauts)
 A = Elapsed time spent in this place.
 B = Non-inter-level travel time spent in this place.
 C = Inter-level travel time spent in this place.
 D = Time resting spent in this place.
 E = Time spent auto-exploring this place.
 F = Levels seen in this place.
 G = Mean time per level.
                   A        B        C        D        E       F      G
               +--------+--------+--------+--------+--------+-----+--------+
         Total |   2680 |   2582 |     98 |      0 |   1930 |   4 |  670.0 |
       Dungeon |   2680 |   2582 |     98 |      0 |   1930 |   4 |  670.0 |
               +--------+--------+--------+--------+--------+-----+--------+

Top non-repeatable levels by time:
     D:3: 1019 daAuts
     D:1: 953 daAuts
     D:2: 553 daAuts
     D:4: 154 daAuts
